 Dungeon Crawl Stone Soup version 0.29.1-12-g30fa7ad0bf (webtiles) character file.

Game seed: 11779491505406586080

1710 warriortoast the Covert (level 8, -1/42 HPs)
             Began as a Spriggan Hunter on Dec 14, 2022.
             Was a Follower of Fedhas.
             Slain by an orc warrior
             ... wielding a +0 short sword
              (11 damage)
             ... on level 6 of the Dungeon.
             The game lasted 00:13:48 (7337 turns).

warriortoast the Covert (Spriggan Hunter)           Turns: 7337, Time: 00:13:48

Health: -1/42      AC:  7    Str:  7    XL:     8   Next: 74%
Magic:  9/9        EV: 22    Int: 11    God:    Fedhas [*.....]
Gold:   184        SH:  0    Dex: 20    Spells: 7/7 levels left

rFire   . . .      SeeInvis +   a - +1 shortbow
rCold   . . .      Faith    .   (shield currently unavailable)
rNeg    . . .      Spirit   .   c - +1 robe
rPois   .          Reflect  .   (helmet restricted)
rElec   .          Harm     .   w - scarf {+Inv}
rCorr   .          Rampage  .   (gloves unavailable)
Will    +....                   (boots unavailable)
Stlth   ++++......              r - amulet of regeneration
HPRegen 0.94/turn               d - +4 ring of protection
MPRegen 0.11/turn               (no ring)

@: very quick
A: very small, no large weapons, unfitting armour, see invisible, speed 3
a: Renounce Religion, Evoke Invisibility


You were on level 6 of the Dungeon.
You worshipped Fedhas.
Fedhas was aware of your devotion.
You visited 2 branches of the dungeon, and saw 8 of its levels.

You collected 296 gold pieces.
You spent 112 gold pieces at shops.

Inventory:

Hand Weapons
 a - a +1 shortbow (weapon)
 A - the +5 hand axe of Cataclysm {spect, rElec rF+++ Will+ Dex-4}
   (You found it on level 6 of the Dungeon)

   When its wielder attacks, the weapon's spirit leaps out and strikes again.
   The spirit shares a part of any damage it takes with its wielder.
   Dex:       It affects your dexterity (-4).
   rF:        It renders you almost immune to fire.
   rElec:     It insulates you from electricity.
   Will:      It increases your willpower.
Armour
 c - a +1 robe (worn)
 w - a scarf of invisibility (worn)
Jewellery
 d - a +4 ring of protection (left hand)
 r - an amulet of regeneration (around neck)
 t - a ring of ice
Wands
 e - a wand of light (5)
 B - a wand of roots (6)
Scrolls
 b - 2 scrolls of immolation
 h - a scroll of torment
 k - 4 scrolls of enchant weapon
 m - 2 scrolls of noise
 p - a scroll of blinking
 q - 2 scrolls of identify
 s - a scroll of teleportation
 u - a scroll of magic mapping {unknown}
 y - a scroll of fear
 z - a scroll of enchant armour
Potions
 f - 2 potions of ambrosia {unknown}
 g - 3 potions of lignification {unknown}
 i - 8 potions of curing
 j - a potion of flight {unknown}
 l - 2 potions of haste {unknown}
 n - 2 potions of brilliance
 o - a potion of mutation {unknown}
 v - a potion of might {unknown}
 x - a potion of heal wounds


   Skills:
 + Level 4.5 Fighting
 + Level 6.5 Ranged Weapons
 + Level 7.2 Dodging
 + Level 8.0 Stealth
 + Level 5.7 Evocations


You had 7 spell levels left.
You didn't know any spells.
Your spell library contained the following spells:

 Spells                   Type           Power      Damage    Failure   Level
 Slow                     Hex            0%         N/A       34%         1
 Ensorcelled Hibernation  Hex/Ice        0%         N/A       47%         2
 Static Discharge         Conj/Air       0%         3-3/arc   47%         2
 Ignite Poison            Fire/Tmut/Pois 0%         N/A       71%         3
 Cause Fear               Hex            0%         N/A       98%         4
 Dispel Undead            Necr           0%         3d6       98%         4
 Sticky Flame             Conj/Fire      0%         2d3       98%         4


Dungeon Overview and Level Annotations

Branches:
Dungeon (7/15)             Temple (1/1) D:4

Altars:
Fedhas
Makhleb
Nemelex Xobeh
Okawaru
Ru
Sif Muna
Uskayaw
Zin

Shops:
D:2 !   D:3 [


Innate Abilities, Weirdness & Mutations

You are very small and have problems with some larger weapons.
You are too small for most types of armour.
You have supernaturally acute eyesight. (SInv)
You cover ground extremely quickly. (Speed+++)


Message History

The arrow hits the orc!
You kill the orc!
Fedhas appreciates your contribution to the ecosystem.
An ice beast comes into view.
You shoot an arrow. The arrow barely misses the orc.
The orc wizard gestures wildly while chanting.
The orc wizard flickers and vanishes for a moment.
The orc hits you but does no damage.
You shoot an arrow.
The arrow hits the orc but does no damage.
The orc closely misses you.
The orc sings a few bars from the Orcish anthem.
The orc closely misses you.
You climb upwards.
There is a stone staircase leading down here.
You shoot an arrow. The arrow hits the orc!
The orc is almost dead.
The orc misses you.
You shoot an arrow. The arrow hits the orc!
You kill the orc!
Fedhas appreciates your contribution to the ecosystem.
No target in view!
No target in view!
Done exploring.
There is a stone staircase leading down here.
You climb downwards.
The orc warrior unwields a +0 arbalest.
The orc warrior wields a +0 short sword.
The orc warrior hits you with a +0 short sword!
The orc warrior hits you with a +0 short sword.
There is a stone staircase leading up, spattered with blood here.
The orc misses you.
The orc warrior hits you with a +0 short sword!
You climb upwards.
There is a stone staircase leading down here.
The orc closely misses you.
The orc warrior hits you with a +0 short sword!
* * * LOW HITPOINT WARNING * * *
The orc warrior hits you with a +0 short sword!
You die...
Fedhas appreciates your contribution to the ecosystem.

###### #...># ######
#..o.# ######....#
#.@o.# #....#....##
####....###....#......
##.........#....#......
#........#.#....#......
#..........#...........
#......................
#.........###..........
#......#.#######.....##
#.....##...............


You could see an orc warrior and an orc.

Vanquished Creatures
  Prince Ribbit (D:6)
  Menkaure (D:5)
  Duvessa (D:5)
  An ice beast (D:5)
  An ogre (D:4)
  A centaur (D:7)
  A kobold brigand (D:7)
  5 necrophages
  A scorpion (D:5)
  Dowan (D:5)
  2 jellies
  2 hounds
  An orc priest (D:5)
  An iguana (D:5)
  4 orc wizards
  Robin (D:2)
  7 adders
  A gnoll (D:1)
  3 ufetubi
  A worm (D:4)
  2 dart slugs
  32 orcs
  2 bats
  4 endoplasms
  18 goblins
  9 hobgoblins
  7 jackals
  3 quokkas
  5 ball pythons
  9 frilled lizards
  14 kobolds
  10 rats
152 creatures vanquished.

Vanquished Creatures (others)
  6 plants (D:5)
6 creatures vanquished.

Grand Total: 158 creatures vanquished

Notes
Turn   | Place    | Note
-------+----------+-------------------------------------------
     0 | D:1      | warriortoast the Spriggan Hunter began the quest for the
                  | Orb.
     0 | D:1      | Reached XP level 1. HP: 10/10 MP: 2/2
    49 | D:1      | Reached skill level 2 in Stealth
    49 | D:1      | Reached XP level 2. HP: 10/15 MP: 3/3
   588 | D:1      | Found a faded altar of an unknown god.
   690 | D:1      | Reached XP level 3. HP: 18/18 MP: 4/4
   974 | D:2      | Noticed Robin
   976 | D:2      | Killed Robin
   977 | D:2      | Reached skill level 3 in Stealth
  1061 | D:2      | Reached XP level 4. HP: 19/23 MP: 5/5
  1499 | D:2      | Found Vitzeipree's Distillery.
  1503 | D:2      | Bought a potion of curing for 42 gold pieces
  2040 | D:3      | Noticed a +0 falchion
  2041 | D:3      | Noticed a +0 dagger
  2041 | D:3      | Noticed a +0 short sword
  2041 | D:3      | Noticed a +0 dagger
  2042 | D:3      | Noticed a +0 spear
  2042 | D:3      | Noticed a +0 falchion
  2042 | D:3      | Noticed a +0 short sword
  2043 | D:3      | Noticed a +0 spear
  2045 | D:3      | Got the Tome of Interference and Impurities
  2057 | D:3      | Found a hide-covered altar of Uskayaw.
  2135 | D:3      | Found Domuacvi's Armour Emporium.
  2533 | D:2      | Bought a potion of heal wounds for 70 gold pieces
  2597 | D:3      | Reached skill level 4 in Stealth
  2597 | D:3      | Reached XP level 5. HP: 27/27 MP: 6/6
  2610 | D:3      | Found a shimmering blue altar of Sif Muna.
  2938 | D:4      | Found a sparkling altar of Nemelex Xobeh.
  2969 | D:4      | Found a sacrificial altar of Ru.
  3080 | D:4      | Reached skill level 1 in Evocations
  3280 | D:4      | Reached XP level 6. HP: 32/32 MP: 7/7
  3340 | D:4      | Reached skill level 5 in Ranged Weapons
  3340 | D:4      | Reached skill level 5 in Stealth
  3514 | D:4      | Reached skill level 5 in Dodging
  3575 | D:4      | Found a staircase to the Ecumenical Temple.
  3584 | Temple   | Entered the Ecumenical Temple
  3601 | Temple   | Became a worshipper of Fedhas Madash
  3800 | D:5      | Entered Level 5 of the Dungeon
  3800 | D:5      | Noticed Duvessa
  3800 | D:5      | Noticed Dowan
  3847 | D:5      | Found a burning altar of Makhleb.
  3944 | D:5      | Killed Duvessa
  3945 | D:5      | Reached XP level 7. HP: 36/36 MP: 8/8
  4522 | D:5      | Noticed Menkaure
  5659 | D:6      | Reached skill level 6 in Stealth
  5721 | D:6      | Reached * piety under Fedhas
  5795 | D:6      | Noticed Prince Ribbit
  6013 | D:5      | Killed Dowan
  6167 | D:5      | Reached XP level 8. HP: 33/42 MP: 9/9
  6506 | D:5      | Killed Menkaure
  6507 | D:5      | Reached skill level 7 in Stealth
  6655 | D:6      | Reached skill level 5 in Evocations
  6716 | D:6      | Identified the +5 hand axe of Cataclysm {spect, rElec rF+++
                  | Will+ Dex-4}
  6768 | D:6      | Killed Prince Ribbit
  7046 | D:7      | Reached skill level 8 in Stealth
  7337 | D:6      | Slain by an orc warrior

Illustrated notes

Levels and vault maps discovered:
D:1:      tarquinn_simple_flora_water_a, layout_rooms,
          dilly_ecumenical_altar_fadedgnrine, nicolae_kite_square_tiling_tiny
D:2:      layout_basic, serial_shops, nicolae_shop_stone, uniq_robin
D:3:      layout_basic, nicolae_uskayaw_en_pointe, kennysheep_orc_sif_temple,
          serial_shops, nicolae_diamond_shop
D:4:      layout_basic, mainiacjoe_overflow_two_lobes, minmay_temple_entry_fiery
D:5:      layout_basic, overflow_temple_1_default, minmay_misc_feat_tiny,
          hangedman_decor_slide_cut, nicolae_eternal_life, minivault_25,
          minmay_lizard_king, uniq_menkaure, uniq_duvessa
D:6:      layout_basic, kennysheep_generic_room_12, uniq_prince_ribbit1
D:7:      layout_cave_pools
Temple:   bh_familiar_temple

Skill      XL: |  1  2  3  4  5  6  7  8 |
---------------+-------------------------+-----
Dodging        | 3 4 5 6 7 |  7.2
Stealth        | 2 3 4 5 6 8 |  8.0
Fighting       | 2 3 4 |  4.5
Evocations     | 1 3 4 5 |  5.7
Ranged Weapons | 5 6 |  6.5

Action                   |  1- 3 |  4- 6 |  7- 9 || total
-------------------------+-------+-------+-------++-------
 Fire: Shortbow          |   102 |   174 |   246 ||   522
  Use: Scroll            |       |    12 |       ||    12
Armor: Robe              |     7 |     8 |    14 ||    29
Dodge: Dodged            |    37 |    40 |    99 ||   176
